 Dungeon Crawl Stone Soup version 0.23-a0-296-ga3b1b28 (webtiles) character file.

509 galech the Chopper (level 6, -3/48 HPs)
             Began as a Demonspawn Fighter on Oct 5, 2018.
             Was an Initiate of Okawaru.
             Slain by Edmund
             ... wielding a +6 dire flail of protection
              (13 damage)
             ... on level 5 of the Dungeon.
             The game lasted 00:04:09 (3674 turns).

galech the Chopper (Demonspawn Fighter)             Turns: 3674, Time: 00:04:10

Health: -3/48      AC:  9    Str: 16    XL:     6   Next: 98%
Magic:  6/6        EV:  9    Int: 10    God:    Okawaru [......]
Gold:   264        SH:  9    Dex: 14    Spells: 5/5 levels left

rFire    . . .     SeeInvis .   a - +0 war axe
rCold    + + .     Gourm    .   c - +0 shield
rNeg     . . .     Faith    .   v - +2 leather armour {rC+}
rPois    .         Spirit   .   (no helmet)
rElec    .         Reflect  .   (no cloak)
rCorr    .         Harm     .   (no gloves)
MR       .....                  (no boots)
Stlth    +.........             (no amulet)
HPRegen  0.16/turn              i - ring of protection from cold
MPRegen  0.10/turn              (no ring)

@: no status effects
A: talons 2, iridescent scales 2
a: Renounce Religion


You were on level 5 of the Dungeon.
You worshipped Okawaru.
Okawaru was noncommittal.
You were hungry.

You visited 2 branches of the dungeon, and saw 6 of its levels.

You collected 264 gold pieces.

Inventory:

Hand Weapons
 a - a +0 war axe (weapon)
Armour
 c - a +0 shield (worn)
 v - a +2 leather armour of cold resistance (worn)
Jewellery
 i - a ring of protection from cold (left hand)
Scrolls
 e - 8 scrolls of identify {unknown}
 j - 8 scrolls of teleportation {unknown}
 k - 2 scrolls of enchant armour {unknown}
 l - 6 scrolls of enchant weapon {unknown}
 m - 3 scrolls of remove curse {unknown}
 p - a scroll of random uselessness {unknown}
 r - a scroll of noise {unknown}
Potions
 b - a potion of heal wounds {unknown}
 d - a potion of might
 h - 4 potions of degeneration {unknown}
 n - a potion of resistance {unknown}
 o - 2 potions of flight {unknown}
 q - a potion of cancellation {unknown}
 s - 2 potions of curing {unknown}
 t - a potion of lignification {unknown}
 u - a potion of agility {unknown}
Comestibles
 f - 8 rations
 g - 2 chunks of flesh


   Skills:
 + Level 4.0 Fighting
 + Level 4.6 Axes
 + Level 3.6 Armour
 + Level 1.3 Dodging
 + Level 0.4 Stealth
 + Level 4.1 Shields


You had 5 spell levels left.
You didn't know any spells.
Your spell library was empty.

Dungeon Overview and Level Annotations

Branches:
Dungeon (5/15)             Temple (1/1) D:4

Altars:
Cheibriados
Dithmenos
Fedhas
Gozag
Nemelex Xobeh
Okawaru
Ru
Sif Muna
Trog
Uskayaw
Yredelemnul

Annotations:
D:5 Edmund


Innate Abilities, Weirdness & Mutations

You have razor-sharp toenails.
You are mostly covered in iridescent scales. (AC +4)


Message History

You barely miss Edmund. You claw Edmund, but do no damage.
Edmund is heavily wounded.
You block Edmund's attack.
You closely miss Edmund. You claw Edmund, but do no damage.
Edmund is heavily wounded.
You block Edmund's attack.
Edmund hits you with a dire flail of protection!
* * * LOW HITPOINT WARNING * * *
You slash Edmund! You claw Edmund, but do no damage.
Edmund is severely wounded.
You are feeling hungry.
You block Edmund's attack.
You barely miss Edmund.
Edmund is severely wounded.
You block Edmund's attack.
Edmund clears his throat.
You see here a dagger.
Edmund says, "I'm quite good with sums, too."
Edmund hits you with a dire flail of protection!
You die...

##############
#.....<......#
#.#####......#
#.......####.# ########
#......)@.##.####.......
#..#.#.@#.........##.##.
#.......####.#######.##.
#............# #.###
#..<.........# #....
##......###### #####
###.#### # #. # #. . .


You could see Edmund.

Vanquished Creatures
  An ice beast (D:5)
  An ogre (D:4)
  An orc wizard (D:3)
  Jessica (D:2)
  Natasha (thrice) (D:2)
  2 worker ants
  3 gnolls (D:3)
  2 adders
  An ooze (D:3)
  3 worms
  2 dart slugs
  7 leopard geckos
  11 orcs
  4 giant cockroaches
  8 hobgoblins
  3 jackals (D:3)
  5 quokkas
  3 bats
  5 frilled lizards
  7 goblins
  A jackal skeleton (D:4)
  8 kobolds
  A leopard gecko skeleton (D:4)
  11 rats
94 creatures vanquished.

Notes
Turn   | Place    | Note
-------+----------+-------------------------------------------
     0 | D:1      | galech the Demonspawn Fighter began the quest for the Orb.
     0 | D:1      | Reached XP level 1. HP: 18/18 MP: 1/1
   132 | D:1      | Gained mutation: You are partially covered in iridescent
                  | scales. (AC +2) [demonic ancestry]
   132 | D:1      | Reached XP level 2. HP: 17/24 MP: 2/2
   826 | D:2      | Noticed Jessica
   841 | D:2      | Killed Jessica
   841 | D:2      | Gained mutation: You have sharp toenails. [demonic
                  | ancestry]
   841 | D:2      | Reached XP level 3. HP: 23/29 MP: 3/3
  1002 | D:2      | Gained mutation: You have razor-sharp toenails. [demonic
                  | ancestry]
  1002 | D:2      | Reached XP level 4. HP: 25/35 MP: 4/4
  1109 | D:2      | Found a shadowy altar of Dithmenos.
  1229 | D:2      | Noticed Natasha
  1250 | D:2      | Killed Natasha
  1366 | D:2      | Noticed Natasha
  1372 | D:2      | Killed Natasha
  1422 | D:2      | Noticed Natasha
  1426 | D:2      | Killed Natasha
  1426 | D:2      | Reached XP level 5. HP: 41/41 MP: 5/5
  1776 | D:3      | Reached skill level 1 in Dodging
  2456 | D:3      | Gained mutation: You are mostly covered in iridescent
                  | scales. (AC +4) [demonic ancestry]
  2456 | D:3      | Reached XP level 6. HP: 47/48 MP: 6/6
  2682 | D:4      | Found a staircase to the Ecumenical Temple.
  2690 | Temple   | Entered the Ecumenical Temple
  2754 | Temple   | Became a worshipper of Warmaster Okawaru
  2836 | D:4      | Noticed a moth of wrath
  2838 | D:4      | Found a bloodstained altar of Trog.
  3253 | D:4      | Found a deep blue altar of Sif Muna.
  3484 | D:5      | Entered Level 5 of the Dungeon
  3485 | D:5      | Noticed an ice beast
  3494 | D:5      | Killed an ice beast
  3621 | D:5      | Noticed Edmund
  3674 | D:5      | Slain by Edmund

Vault maps used:
D:1:      roderic_octagonal_star, minmay_pentomino_x4
D:2:      lemuel_round_altar, first_ration, grunt_ministairs_3, uniq_natasha,
          uniq_jessica
D:4:      lemuel_blue_sif_altar, tgw_trog, minmay_temple_entry_hall
D:5:      uniq_edmund, uniq_menkaure, uniq_duvessa
Temple:   dshaligram_water_room_temple

Skill      XL: |  1  2  3  4  5  6 |
---------------+-------------------+-----
Axes           | 2 3 4 |  4.6
Shields        | 3 4 |  4.1
Armour         | 3 |  3.6
Dodging        | 1 |  1.3
Fighting       | 4 |  4.0
Stealth        | |  0.4

Action                   |  1- 3 |  4- 6 || total
-------------------------+-------+-------++-------
Melee: War axe           |   102 |   230 ||   332
       Kick              |     7 |    47 ||    54
  Eat: Chunk             |     1 |     8 ||     9
Armor: Scale mail        |    49 |    86 ||   135
       Leather armour    |       |    10 ||    10
Dodge: Dodged            |    18 |    81 ||    99
Block: Shield            |    53 |   124 ||   177

Table legend:
 A = Non-vault XP
 B = Vault XP
 C = Vault XP percentage of total XP
 D = Non-vault monster count
 E = Vault monster count
 F = Vault count percentage of total count
                 A         B        C        D         E       F
            +---------+---------+-------+---------+---------+-------
      Total |     643 |      85 |  11.7 |      84 |      10 |  10.6
            +---------+---------+-------+---------+---------+-------
        D:1 |      24 |       4 |  14.3 |      14 |       1 |   6.7
        D:2 |     127 |      76 |  37.4 |      24 |       4 |  14.3
        D:3 |     164 |       0 |   0.0 |      32 |       0 |   0.0
        D:4 |     171 |       5 |   2.8 |      12 |       5 |  29.4
        D:5 |     157 |       0 |   0.0 |       2 |       0 |   0.0
            +---------+---------+-------+---------+---------+-------
